 Dungeon Crawl Stone Soup version 0.29.1-1-gd02db6906a (webtiles) character file.

Game seed: 12636568932300508311

52 Icepheonix32 the Ducker (level 3, -1/26 HPs)
             Began as a Merfolk Transmuter on Sept 16, 2022.
             Slain by a hobgoblin
             ... wielding a +0 dagger
              (4 damage)
             ... on level 2 of the Dungeon.
             The game lasted 00:01:43 (2035 turns).

Icepheonix32 the Ducker (Merfolk Transmuter)        Turns: 2035, Time: 00:01:43

Health: -1/26      AC:  2    Str: 10    XL:     3   Next: 85%
Magic:  5/6        EV: 13    Int: 14    God:
Gold:   82         SH:  0    Dex: 14    Spells: 5/6 levels left

rFire   . . .      SeeInvis .     - Unarmed
rCold   . . .      Faith    .   (no shield)
rNeg    . . .      Spirit   .   a - +0 robe
rPois   .          Reflect  .   (helmet currently unavailable)
rElec   .          Harm     .   (no cloak)
rCorr   .          Rampage  .   (no gloves)
Will    .....                   (boots currently unavailable)
Stlth   ++........              (no amulet)
HPRegen 0.08/turn               (no ring)
MPRegen 0.10/turn               (no ring)

@: appendages
A: horns 2, (nimble swimmer 2), mertail
a: End Transformation


You were on level 2 of the Dungeon.
You had temporarily grown beastly horns.
You visited 1 branch of the dungeon, and saw 2 of its levels.

You collected 82 gold pieces.

Inventory:

Missiles
 g - 4 javelins
Armour
 a - a +0 robe (worn)
Scrolls
 c - a scroll of magic mapping {unknown}
 d - 4 scrolls of identify {unknown}
 h - a scroll of blinking {unknown}
 j - 2 scrolls of enchant weapon {unknown}
 l - a scroll of teleportation {unknown}
 m - a scroll of brand weapon {unknown}
Potions
 b - 2 potions of lignification
 e - 2 potions of curing {unknown}
 f - a potion of attraction {unknown}
 i - a potion of ambrosia {unknown}
 k - a potion of cancellation {unknown}
 n - a potion of heal wounds {unknown}


   Skills:
 + Level 1.1 Fighting
 * Level 3.8 Dodging
 + Level 0.9 Stealth
 + Level 3.8 Unarmed Combat
 + Level 2.3 Spellcasting
 * Level 3.1 Transmutations


You had 5 spell levels left.
You knew the following spells:

 Your Spells              Type           Power      Damage    Failure   Level
a - Beastly Appendage     Tmut           20%        N/A       6%          1

Your spell library contained the following spells:

 Spells                   Type           Power      Damage    Failure   Level
 Wereblood                Tmut           10%        N/A       10%         2
 Spider Form              Tmut/Pois      6%         N/A       36%         3
 Ice Form                 Ice/Tmut       6%         N/A       77%         4


Dungeon Overview and Level Annotations

Branches:
Dungeon (2/15)

Altars:


Innate Abilities, Weirdness & Mutations

You have temporarily grown beastly horns.
((You are very nimble when in or above water. (Stealth+, EV+, Speed+++)))
Your lower body shifts to a powerful aquatic tail in water.


Message History

You are too injured to fight recklessly!
You are too injured to fight recklessly!
Unknown command.
You barely miss the goblin. The goblin closely misses you.
The hobgoblin hits you with a +0 dagger.
Unknown command.
The goblin misses you.
You see here a jackal corpse.
The goblin attacks as you move away! The goblin barely misses you.
The hobgoblin attacks as you move away!
The hobgoblin hits you but does no damage.
The goblin attacks as you move away! The goblin hits you but does no damage.
The hobgoblin attacks as you move away! The hobgoblin barely misses you.
Your horns disappear.
The goblin attacks as you move away! The goblin hits you with a +0 dagger.
* * * LOW HITPOINT WARNING * * *
Casting: Beastly Appendage (safe; 6% risk of failure)
Confirm with . or Enter, or press ? or * to list all spells.
You grow a pair of large bovine horns.
The goblin hits you with a +0 dagger.
* * * LOW HITPOINT WARNING * * *
You miss the goblin. You headbutt the goblin.
The goblin is heavily wounded.
You closely miss the goblin. Your headbutt misses the goblin.
Your punch misses the goblin.
The goblin is heavily wounded.
The goblin hits you but does no damage.
You barely miss the goblin. You headbutt the goblin.
Your punch misses the goblin.
The goblin is severely wounded.
The goblin hits you with a +0 dagger.
* * * LOW HITPOINT WARNING * * *
You hit the goblin.
You kill the goblin!
Unknown command.
You barely miss the hobgoblin. Your headbutt misses the hobgoblin.
The hobgoblin closely misses you.
Unknown command.
You hit the hobgoblin but do no damage.
The hobgoblin hits you with a +0 dagger.
You die...

###.#######......#
#.# ##......### #.#
##...†...... #.#
#...†w....## #.#
#...†....... #.#
#.........##
####.#####.†.......#
#.......###.......##
#.##....@gw....#..#
#.#####.#########...
#.# #.# ###
#.#####.# #.......#
#########


You could see a worm and a hobgoblin.

Vanquished Creatures
  An adder (D:2)
  A worm (D:2)
  2 dart slugs
  4 endoplasms
  4 giant cockroaches
  2 goblins
  2 hobgoblins
  4 jackals (D:2)
  2 kobolds
  A quokka (D:1)
  3 ball pythons
  3 bats (D:2)
  A frilled lizard (D:1)
  2 rats
32 creatures vanquished.

Notes
Turn   | Place    | Note
-------+----------+-------------------------------------------
     0 | D:1      | Icepheonix32 the Merfolk Transmuter began the quest for the
                  | Orb.
     0 | D:1      | Reached XP level 1. HP: 15/15 MP: 3/3
   179 | D:1      | Reached XP level 2. HP: 19/21 MP: 3/5
  1222 | D:2      | Reached XP level 3. HP: 26/26 MP: 6/6
  2014 | D:2      | Found a faded altar of an unknown god.
  2035 | D:2      | Slain by a hobgoblin

Illustrated notes

Levels and vault maps discovered:
D:1:      lightli_arrival_statuegarden, layout_basic, serial_curves,
          eino_curves_02, eino_curves_02, eino_curves_02, eino_curves_04,
          amcnicky_mini_pool_small
D:2:      layout_loops_corners, ebering_ecumenical_altar_sacrificial,
          item_on_display_a

Skill      XL: |  1  2 |
---------------+-------+-----
Dodging        | 3 |  3.8
Transmutations | 3 |  3.1
Fighting       | |  1.1
Stealth        | |  0.9
Unarmed Combat | |  3.8
Spellcasting   | |  2.3

Action                   || total
-------------------------++-------
Melee: Unarmed           ||    91
       Headbutt          ||    15
       Punch             ||     1
 Cast: Beastly Appendage ||    23
Armor: Robe              ||    18
Dodge: Dodged            ||    71
